 Dungeon Crawl Stone Soup version 0.25-a0-697-g890751e744 (webtiles) character file.

Game seed: 9774218966402005904, levelgen mode: deterministic

97163 Flugslaktarn the Severer (level 15, -10/144 HPs)
             Began as a Deep Dwarf Fighter on Apr 1, 2020.
             Was an Initiate of Gozag.
             Mangled by a ghost moth (11 damage)
             ... on level 3 of the Spider Nest.
             The game lasted 00:14:50 (17373 turns).

Flugslaktarn the Severer (Deep Dwarf Fighter)      Turns: 17373, Time: 00:14:50

Health: -10/144    AC:  9    Str: 27      XL:     15   Next: 71%
Magic:  1/1        EV:  6    Int:  9 (10) God:    Gozag
Gold:   1799       SH: 28    Dex: 14      Spells: 14/14 levels left

rFire    . . .     SeeInvis .   a - +9 broad axe
rCold    + . .     Gourm    .   J - +0 tower shield
rNeg     + . .     Faith    .   A - +6 chain mail "Yzenurgh" {Str+2}
rPois    +         Spirit   .   C - +0 helmet
rElec    +         Reflect  +   Q - +2 cloak
rCorr    .         Harm     .   (no gloves)
MR       ++...                  g - +0 pair of boots
Stlth    ..........             p - brooch of Shielding {Reflect SH+8}
HPRegen  0.00/turn              c - ring of Robustness {AC+8}
MPRegen  0.07/turn              T - ring "Vacu" {rElec rPois Dex+2 Slay+2}

@: corroded, gold aura, stab, very slightly contaminated, non-regenerating,
invisible
A: damage resistance, heal wounds, cold resistance 1, negative energy resistance
1, sense surroundings 2, no regeneration
a: Heal Wounds, Potion Petition, Call Merchant, Bribe Branch, Renounce Religion


You were on level 3 of the Spider Nest.
You worshipped Gozag.
Gozag was most pleased with you.
You were not hungry.

You visited 3 branches of the dungeon, and saw 24 of its levels.
You also visited: Sewer and Ossuary.

You collected 8507 gold pieces.
You spent 3929 gold pieces at shops.
You paid 2779 gold pieces to Gozag.

Inventory:

Hand Weapons
 a - a +9 broad axe (weapon)
   (You took it off a death knight on level 14 of the Dungeon)
 b - a +1 scimitar of flaming
   (You took it off Erica on level 10 of the Dungeon)
Missiles
 B - 5 throwing nets (quivered)
Armour
 g - a +0 pair of boots (worn)
   (You found it on level 8 of the Dungeon)
 A - the +6 chain mail "Yzenurgh" (worn) {Str+2}
   (You found it on level 5 of the Dungeon)

   It affects your strength (+2).
 C - a +0 helmet (worn)
   (You found it on level 12 of the Dungeon)
 J - a +0 tower shield (worn)
   (You found it on level 11 of the Dungeon)
 Q - a +2 cloak (worn)
   (You found it on level 6 of the Lair of Beasts)
Jewellery
 c - the ring of Robustness (left hand) {AC+8}
   (You bought it in a shop on level 11 of the Dungeon)

   [ring of protection]

   It affects your AC (+8).
 f - an uncursed ring of protection from fire
   (You found it on level 4 of the Dungeon)
 i - a +5 ring of strength
   (You found it on level 1 of the Dungeon)
 p - the brooch of Shielding (around neck) {Reflect SH+8}
   (You bought it in a shop on level 11 of the Dungeon)

   [amulet of reflection]

   It shields you and reflects attacks.
   It affects your SH (+8).
 L - an uncursed ring of protection from fire
   (You found it on level 4 of the Lair of Beasts)
 M - a +2 ring of protection
   (You found it on level 4 of the Lair of Beasts)
 T - the ring "Vacu" (right hand) {rElec rPois Dex+2 Slay+2}
   (You found it on level 15 of the Dungeon)

   [ring of dexterity]

   It affects your dexterity (+2).
   It affects your accuracy and damage with ranged weapons and melee attacks
   (+2).
   It insulates you from electricity.
   It protects you from poison.
 U - an uncursed ring of protection from fire
   (You found it on level 15 of the Dungeon)
Wands
 k - a wand of clouds (6)
   (You found it on level 14 of the Dungeon)
 o - a wand of iceblast (36)
   (You found it on level 6 of the Dungeon)
 u - a wand of acid (6)
   (You found it on level 4 of the Dungeon)
 v - a wand of digging (7)
   (You found it on level 8 of the Dungeon)
 F - a wand of scattershot (5)
   (You found it on level 7 of the Dungeon)
 I - a wand of enslavement (9)
   (You found it on level 4 of the Dungeon)
 K - a wand of paralysis (22)
   (You found it on level 1 of the Lair of Beasts)
Scrolls
 j - a scroll of enchant armour
 m - 3 scrolls of fear
 r - a scroll of identify
 t - 9 scrolls of teleportation
 x - 15 scrolls of remove curse
 y - 3 scrolls of magic mapping
 O - 3 scrolls of fog
 P - a scroll of silence
 R - a scroll of immolation
Potions
 d - 6 potions of might
 h - 4 potions of lignification
 l - 4 potions of resistance
 n - 7 potions of invisibility
 q - 11 potions of curing
 s - 5 potions of haste
 w - 5 potions of heal wounds
 z - a potion of magic
 D - a potion of flight
 E - 4 potions of brilliance
 G - 2 potions of cancellation
 H - 2 potions of berserk rage
 N - a potion of stabbing
Comestibles
 e - 28 rations


   Skills:
 * Level 12.1 Fighting
 - Level 18.0 Axes
 + Level 13.6 Armour
 + Level 13.6 Shields
 + Level 9.1 Evocations


You had 14 spell levels left.
You didn't know any spells.
Your spell library was empty.

Dungeon Overview and Level Annotations

Branches:
Dungeon (15/15)            Temple (0/1) D:6            Lair (6/6) D:11
 Shoals (0/4) Lair:3       Spider (3/4) Lair:2        Slime (0/5) Lair:6
    Orc (0/2) D:11         Vaults (0/5) D:14         Depths (0/5) D:15
  Sewer (visited)         Ossuary (visited)

Altars:
Ashenzari
Cheibriados
Fedhas
Gozag
Makhleb
Okawaru
Trog

Shops:
D:8 ?!   D:11 =   D:15 %   Lair:6 (

Annotations:
D:2 exclusion: oklob plant
D:6 exclusion: oklob plant
D:11 2 transporters, bmj180's ghost, journeyman DrCj
D:12 1 runed translucent door
Lair:1 exclusion: 2 oklob plants


Innate Abilities, Weirdness & Mutations

You are resistant to damage.
You can heal yourself by infusing magical energy.
You resist negative energy. (rN+)
You passively map the area around you.
You do not regenerate.
Your flesh is cold resistant. (rC+)


Message History

The demonic crawler becomes distracted by the nearby gold, dreaming of imaginary riches.
The jumping spider becomes distracted by the nearby gold, dreaming of imaginary riches.
The demonic crawler gives a hideous shriek!
You closely miss the jumping spider.
The jumping spider is no longer distracted by gold.
The jumping spider is moderately wounded.
You hit something. You hit the demonic crawler.
The demonic crawler is no longer distracted by gold.
The demonic crawler becomes distracted by the nearby gold, dreaming of imaginary riches.
The helpless jumping spider fails to defend itself.
You slice the jumping spider!!
You kill the jumping spider!
You closely miss something.
The helpless demonic crawler fails to defend itself.
You hit the demonic crawler but do no damage.
The demonic crawler is no longer distracted by gold.
The demonic crawler becomes distracted by the nearby gold, dreaming of imaginary riches.
Something hits you. Something hits you!
You die...
Your body crumbles into a pile of gold.

######### #.......###
###....@$...##
#......{ss...##
#.!...$$#....s#
#.s.#.$$#....##
.......$$......##### * ,,
...#.>.#$$..#a..#..## ,
.......#.s..#.......## , ,
*....#................####
,,,
......s.....#.....^#<...#


You could see an entropy weaver (fleeing), a demonic crawler (unaware), an orb
spider (fleeing) and 3 jumping spiders.

Vanquished Creatures
  Kirke (Lair:6)
  2 fire giants (D:12)
  Nessos (Lair:5)
  The ghost of Qaeqe the Grappler, a journeyman TrMo of Ru (D:13)
  An ettin (D:15)
  An ogre mage (D:15)
  A vault guard (D:14)
  9 hydras
  A rakshasa (D:14)
  A catoblepas (Lair:6)
  5 centaur warriors
  3 two-headed ogres
  2 death knights
  Erica (D:10)
  A deep troll shaman (Lair:6)
  3 tengu warriors
  4 death yaks (Lair:6)
  Urug (D:10)
  3 unseen horrors
  2 lindwurms (Lair:6)
  2 deep elf magi
  3 orb spiders (Spider:2)
  A phantasmal warrior (D:13)
  13 ugly things
  9 wolf spiders
  An orc sorcerer (D:15)
  A cyclops (shapeshifter) (D:12)
  2 cyclopes
  3 manticores
  A moth of wrath (Spider:2)
  2 black mambas
  A merfolk siren (Lair:3)
  7 elephants (Lair:6)
  7 centaur skeletons
  Psyche (D:8)
  9 spiny frogs
  3 gargoyles
  2 freezing wraiths (D:14)
  6 komodo dragons
  3 merfolk (Lair:3)
  A tengu conjurer (D:14)
  9 jumping spiders
  3 polar bears
  7 hornets
  6 trolls
  19 blink frogs
  Grinder (D:3)
  12 hippogriffs
  8 slime creatures
  Sigmund (D:6)
  2 shadows
  A spriggan (Lair:2)
  17 redbacks
  4 wraiths
  A vampire (D:14)
  7 tarantellas
  10 wyverns
  A water elemental (D:14)
  34 yaks
  3 hungry ghosts
  Grum (D:8)
  6 basilisks
  4 hogs (Lair:6)
  2 vampire mosquitoes (D:14)
  Edmund (D:5)
  A two-headed ogre zombie (D:11)
  A soldier ant (D:14)
  12 water moccasins
  14 porcupines
  2 sky beasts
  9 orc warriors
  A phantom (D:11)
  4 black bears
  An eye of draining (shapeshifter) (D:12)
  A necrophage (D:11)
  2 ice beasts
  11 centaurs
  10 ogres
  8 wolves
  17 crocodiles
  2 big kobolds
  17 bullfrogs
  2 wyvern zombies
  8 scorpions
  A troll zombie (D:11)
  A killer bee (D:12)
  6 wights
  8 crimson imps
  4 centaur zombies
  8 hounds
  A quasit (D:9)
  13 orc priests
  Crazy Yiuf (D:5)
  18 orc wizards
  Jessica (D:3)
  3 bullfrog skeletons
  2 iguanas
  Terence (D:3)
  Natasha (thrice) (D:3)
  11 worker ants
  6 hell rats (Lair:5)
  4 big kobold zombies (Ossuary)
  6 ogre zombies (D:11)
  A hound zombie (D:6)
  2 hound skeletons
  A mummy (Ossuary)
  4 gnolls (D:9)
  A howler monkey skeleton (D:4)
  A worker ant zombie (D:11)
  8 adders
  An adder skeleton (D:9)
  8 worms
  A dart slug (D:2)
  2 leopard geckos
  45 orcs
  2 spectral bats (Ossuary)
  2 bats
  2 bat simulacra (Ossuary)
  6 giant cockroaches
  4 goblins
  4 hobgoblins
  6 jackals
  24 kobolds
  4 quokkas
  5 ball pythons
  A frilled lizard (D:1)
  A giant cockroach zombie (D:5)
  A gnoll zombie (Ossuary)
  7 goblin simulacra (Ossuary)
  4 goblin skeletons (D:11)
  10 goblin zombies
  4 hobgoblin skeletons (D:11)
  8 hobgoblin zombies
  A jackal skeleton (D:4)
  2 kobold simulacra (Ossuary)
  3 kobold zombies (Ossuary)
  2 leopard gecko skeletons
  4 orc skeletons (D:11)
  9 orc zombies
  3 rats
  4 rat simulacra (Ossuary)
  3 spectral goblins (Ossuary)
  4 spectral kobolds (Ossuary)
  3 spectral rats (Ossuary)
  A butterfly (Lair:6)
  4 fungi
  10 plants
726 creatures vanquished.

Vanquished Creatures (others)
  A centaur warrior (D:15)
  A black mamba (Lair:6)
  2 centaurs
  3 fungi
  10 plants
17 creatures vanquished.

Grand Total: 743 creatures vanquished

Notes
Turn   | Place    | Note
-------+----------+-------------------------------------------
     0 | D:1      | Flugslaktarn the Deep Dwarf Fighter began the quest for the
                  | Orb.
     0 | D:1      | Reached XP level 1. HP: 20/20 MP: 1/1
    64 | D:1      | Reached XP level 2. HP: 20/27 MP: 2/2
   249 | D:2      | Found a blossoming altar of Fedhas,
   262 | D:2      | Noticed an oklob plant
   378 | D:2      | Reached skill level 3 in Axes
   378 | D:2      | Reached XP level 3. HP: 33/34 MP: 3/3
   502 | D:3      | Noticed Jessica
   511 | D:3      | Killed Jessica
   511 | D:3      | Reached XP level 4. HP: 32/42 MP: 4/4
   523 | D:3      | Found a glowing drain,
   531 | D:3      | Noticed Grinder
   552 | D:3      | Killed Grinder
   552 | D:3      | Reached skill level 4 in Axes
   552 | D:3      | Reached XP level 5. HP: 18/49 MP: 5/5
   552 | D:3      | Reached XP level 6. HP: 21/56 MP: 6/6
   561 | D:3      | Noticed Terence
   583 | D:3      | Killed Terence
   585 | Sewer    | Entered a sewer
   615 | D:3      | Found a shattered altar of Ashenzari,
   654 | D:3      | Noticed Natasha
   682 | D:3      | Killed Natasha
   770 | D:3      | Noticed Natasha
   785 | D:3      | Killed Natasha
   785 | D:3      | Reached skill level 5 in Axes
   991 | D:3      | Noticed Natasha
   999 | D:3      | Killed Natasha
  1386 | D:4      | Reached XP level 7. HP: 50/64 MP: 6/6
  1479 | D:4      | Reached skill level 5 in Armour
  1753 | D:4      | Found an opulent altar of Gozag,
  1761 | D:4      | Became a worshipper of Gozag Ym Sagoz the Greedy
  1908 | D:5      | Entered Level 5 of the Dungeon
  2056 | D:5      | Got a brightly glowing chain mail
  2067 | D:5      | Identified the +6 chain mail "Yzenurgh" {Str+2} (You found
                  | it on level 5 of the Dungeon)
  2089 | D:5      | Noticed Edmund
  2104 | D:5      | Killed Edmund
  2104 | D:5      | Reached skill level 5 in Shields
  2104 | D:5      | Reached skill level 1 in Evocations
  2235 | D:5      | Found a runed translucent door,
  2236 | D:5      | Noticed Crazy Yiuf
  2246 | D:5      | Killed Crazy Yiuf
  2246 | D:5      | Reached skill level 6 in Axes
  3116 | D:6      | Noticed Sigmund
  3136 | D:6      | Reached XP level 8. HP: 39/73 MP: 8/8
  3148 | D:6      | Killed Sigmund
  3148 | D:6      | Reached skill level 7 in Axes
  3355 | D:6      | Reached skill level 5 in Fighting
  3386 | D:6      | Found a bloodstained altar of Trog,
  3438 | D:6      | Found an opulent altar of Gozag,
  3439 | D:6      | Noticed an oklob plant
  3572 | D:6      | You fall into a shaft and drop 1 floor!
  3860 | D:7      | Reached skill level 8 in Axes
  3875 | D:7      | Gained mutation: You passively map the area around you.
                  | [Deep Dwarf growth]
  3875 | D:7      | Reached XP level 9. HP: 51/81 MP: 10/10
  4112 | D:6      | Found a staircase to the Ecumenical Temple,
  4284 | D:7      | Found a sand-covered staircase,
  4296 | Ossuary  | Entered an ossuary
  4985 | D:8      | Noticed Grum
  4994 | D:8      | Reached skill level 5 in Evocations
  5014 | D:8      | Killed Grum
  5014 | D:8      | Reached skill level 9 in Axes
  5077 | D:8      | Bought a potion of resistance for 130 gold pieces
  5077 | D:8      | Bought a potion of heal wounds for 65 gold pieces
  5077 | D:8      | Bought a potion of heal wounds for 65 gold pieces
  5089 | D:8      | Noticed Psyche
  5108 | D:8      | Killed Psyche
  5154 | D:8      | Found a snail-covered altar of Cheibriados,
  5348 | D:8      | Found an iron altar of Okawaru,
  5353 | D:8      | Reached XP level 10. HP: 64/91 MP: 10/10
  5664 | D:8      | Found Ynuysyof's Magic Scroll Shop,
  5926 | D:9      | Reached skill level 10 in Axes
  6148 | D:10     | Entered Level 10 of the Dungeon
  6253 | D:10     | Noticed a green ugly thing
  6290 | D:10     | Killed a green ugly thing
  6601 | D:10     | Reached skill level 11 in Axes
  6718 | D:10     | Noticed Erica
  6732 | D:10     | Killed Erica
  6732 | D:10     | Reached XP level 11. HP: 68/100 MP: 10/12
  6923 | D:10     | Noticed Urug
  6949 | D:10     | Killed Urug
  7060 | D:10     | Noticed a six-headed hydra
  7079 | D:10     | Killed a one-headed hydra
  7126 | D:11     | Found a transporter,
  7148 | D:11     | Found a staircase to the Lair,
  7209 | D:11     | Reached skill level 12 in Axes
  7288 | D:8      | Bought a scroll of acquirement for 624 gold pieces
  7288 | D:8      | Identified the amulet "Jiutucvo" {*Contam +Rage +Fly MR++}
                  | (You acquired it on level 8 of the Dungeon)
  7495 | D:11     | Found a staircase to the Orcish Mines,
  7679 | D:11     | Noticed a purple ugly thing
  7685 | D:11     | Noticed a green ugly thing
  7697 | D:11     | Killed a green ugly thing
  7704 | D:11     | Killed a white ugly thing
  8011 | D:11     | Noticed bmj180's ghost (journeyman DrCj)
  8012 | D:11     | Found a transporter,
  8014 | D:11     | Identified the +4 great mace of the Shrike {drain, rPois}
  8014 | D:11     | Identified the +2 great mace of Hell's Wrath {flame, *Rage
                  | +Inv +Fly Stlth+}
  8014 | D:11     | Noticed a two-headed ogre
  8071 | Lair:1   | Entered Level 1 of the Lair of Beasts
  8099 | D:11     | Bought the ring of Robustness {AC+8} for 1664 gold pieces
  8099 | D:11     | Found the ring of Robustness {AC+8}
  8307 | Lair:1   | Reached XP level 12. HP: 91/111 MP: 13/13
  8483 | Lair:1   | Noticed a six-headed hydra
  8494 | Lair:1   | Killed a one-headed hydra
  8523 | Lair:1   | Noticed a five-headed hydra
  8535 | Lair:1   | Killed a one-headed hydra
  8535 | Lair:1   | Reached skill level 13 in Axes
  8571 | Lair:1   | Reached skill level 10 in Armour
  8578 | Lair:1   | Reached skill level 10 in Shields
  9469 | Lair:2   | Found a hole to the Spider Nest,
  9640 | Lair:2   | Noticed a seven-headed hydra
  9651 | Lair:2   | Killed a two-headed hydra
  9742 | Lair:3   | Reached skill level 14 in Axes
  9818 | Lair:3   | You fall into a shaft and drop 2 floors!
  9861 | Lair:5   | Gained mutation: Armour fits poorly on your strangely
                  | shaped body. [potion of mutation]
  9861 | Lair:5   | Gained mutation: You are covered in fur. (AC +1) [potion of
                  | mutation]
  9861 | Lair:5   | Gained mutation: Potions are less effective at restoring
                  | your health. [potion of mutation]
  9861 | Lair:5   | Gained mutation: Your spells are a little harder to cast,
                  | but a little more powerful. [potion of mutation]
  9862 | Lair:5   | Lost mutation: Armour fits poorly on your strangely shaped
                  | body. [potion of mutation]
  9862 | Lair:5   | Lost mutation: Your spells are a little harder to cast, but
                  | a little more powerful. [potion of mutation]
  9862 | Lair:5   | Lost mutation: Potions are less effective at restoring your
                  | health. [potion of mutation]
  9862 | Lair:5   | Lost mutation: You are covered in fur. (AC +1) [potion of
                  | mutation]
  9862 | Lair:5   | Gained mutation: Your flesh is cold resistant. (rC+)
                  | [potion of mutation]
 10058 | Lair:5   | Noticed a seven-headed hydra
 10070 | Lair:5   | Killed a one-headed hydra
 10189 | Lair:5   | Reached XP level 13. HP: 65/121 MP: 10/10
 10267 | Lair:5   | Noticed Nessos
 10304 | Lair:5   | Killed Nessos
 11692 | Lair:3   | Found a staircase to the Shoals,
 11703 | Lair:3   | Reached skill level 15 in Axes
 12196 | Lair:6   | Entered Level 6 of the Lair of Beasts
 12310 | Lair:6   | Reached skill level 10 in Fighting
 12441 | Lair:6   | Noticed Kirke
 12967 | Lair:6   | Found a staircase to the Slime Pits,
 13234 | Lair:6   | Killed Kirke
 13345 | Lair:6   | Gained mutation: You resist negative energy. (rN+) [Deep
                  | Dwarf growth]
 13345 | Lair:6   | Reached XP level 14. HP: 82/133 MP: 7/7
 13408 | Lair:6   | Reached skill level 16 in Axes
 13709 | D:11     | Bought the brooch of Shielding {Reflect SH+8} for 1381 gold
                  | pieces
 13709 | D:11     | Found the brooch of Shielding {Reflect SH+8}
 13776 | Spider:1 | Entered Level 1 of the Spider Nest
 14195 | D:12     | Noticed a fire giant
 14198 | D:12     | Noticed a fire giant
 14214 | D:12     | Killed a fire giant
 14219 | D:12     | Killed a fire giant
 14421 | D:12     | Found a runed translucent door,
 14456 | D:12     | Found a burning altar of Makhleb,
 14973 | D:13     | Found a runed translucent door,
 14975 | D:13     | Noticed Qaeqe's ghost (journeyman TrMo)
 15389 | D:13     | Killed Qaeqe's ghost
 15519 | D:14     | Reached skill level 17 in Axes
 15771 | D:14     | Reached XP level 15. HP: 72/142 MP: 3/3
 16304 | D:14     | Found a gate to the Vaults,
 16369 | D:15     | Entered Level 15 of the Dungeon
 16450 | D:15     | Found Foclyaf's Food Shop,
 16653 | D:15     | Got a glittering tin ring
 16659 | D:15     | Found a staircase to the Depths,
 16680 | D:15     | Identified the ring "Vacu" {rElec rPois Dex+2 Slay+2} (You
                  | found it on level 15 of the Dungeon)
 17343 | Spider:3 | Reached skill level 18 in Axes
 17368 | Spider:3 | HP: 6/144 [something (3)]
 17370 | Spider:3 | HP: 1/144 [demonic crawler (4)]
 17373 | Spider:3 | Mangled by a ghost moth

Levels and vault maps discovered:
D:1:      lightli_molten_gateway, layout_basic, minmay_vboxes
D:2:      layout_basic, tgw_fedhas, first_ration,
          minmay_randomly_rotated_circles
D:3:      layout_rooms, nicolae_overflow_hidden_temple,
          cheibrodos_sewer_entry_drain, uniq_grinder, uniq_jessica,
          uniq_terence, uniq_natasha
D:4:      layout_cave_pools, lemuel_coloured_pillars_altar,
          kennysheep_generic_room_6
D:5:      kennysheep_kobold_camp, layout_basic, uniq_crazy_yiuf_cottage,
          uniq_edmund
D:6:      layout_loops_ring, old_standard_altar, minmay_temple_entry_nine_rooms,
          lemuel_oklob_altar, uniq_sigmund
D:7:      layout_rooms, nicolae_ossuary_entry_plus, grunt_ogre_cave,
          minivault_26, minmay_misc_feat_nine_boxes
D:8:      layout_rooms, okawaru_trees_2, cheibrodos_worm_habitat, serial_shops,
          kennysheep_mini_moat, serial_aquarium, aquarium_bridge_square
          [aquarium_subvault_bridge, aquarium_subvault_window,
          aquarium_subvault_bridge, aquarium_subvault_wall],
          aquarium_bridge_square [aquarium_subvault_bridge,
          aquarium_subvault_bridge, aquarium_subvault_balcony,
          aquarium_subvault_window], aquarium_window_3, aquarium_window_1,
          aquarium_window_double, aquarium_view_2f, uniq_psyche, uniq_grum
D:9:      layout_cave_pools
D:10:     layout_irregular_city, minmay_circle_x, uniq_urug, uniq_erica
D:11:     layout_cave_pools, minmay_lair_entry_grove, zombieorc2_lemuel,
          gammafunk_ghost_smash, hangedman_decor_riveting
D:12:     minmay_expanding_squares, layout_basic, minmay_st_funbox,
          ebering_dispersal_statue_hall, roderic_roman_lattice,
          makhleb_altar_promises_db
D:13:     layout_small_grid, ebering_ghost_inner_flame
D:14:     layout_loops_cross, david_vaults_5, serial_bayou_pond_b
D:15:     hangedman_depths_entry_civil_slaughter, layout_irregular_city,
          serial_park_square1 [serial_park_minivault_5x5_5],
          nicolae_shop_scaring_up_business
Lair:1:   layout_roguey, infiniplex_staircase_pool, grunt_megastairs_5,
          minmay_lair_oklob_chamber
Lair:2:   wad_woods_structure_01, layout_regular_city, dummy_spider_entry,
          grunt_forest_large_clearing_hut, lemuel_fruit_tree
Lair:3:   layout_cave_pods, elwin_shoals_entry_stream
Lair:4:   layout_roguey, infiniplex_staircase_pool_2
Lair:5:   layout_regular_city, beast_lair_carwin_11, uniq_nessos
Lair:6:   grunt_lair_end_beastmaster, layout_cave_pods,
          minmay_slime_entry_oklob_enclosed, grunt_megastairs_3,
          lemuel_fruit_fields, uniq_kirke
Spider:1: layout_spider_delve
Spider:2: layout_spider_delve
Spider:3: gammafunk_its_a_trap, portal_ice_cave_entry_ice_statue_two

Skill      XL: |  1  2  3  4  5  6  7  8  9 10 11 12 13 14 15 |
---------------+----------------------------------------------+-----
Fighting       | 3 4 5 6 7 8 9 10 11 12 | 12.1
Axes           | 3 4 5 6 8 9 11 12 14 15 17 18 | 18.0
Armour         | 4 5 6 7 8 9 10 12 13 | 13.6
Shields        | 4 5 6 7 8 9 10 12 13 | 13.6
Evocations     | 2 4 6 8 9 |  9.1

Action                   |  1- 3 |  4- 6 |  7- 9 | 10-12 | 13-15 || total
-------------------------+-------+-------+-------+-------+-------++-------
Melee: War axe           |    94 |   155 |   462 |   781 |   747 ||  2239
       Scimitar          |       |       |       |    46 |    31 ||    77
       Unarmed           |       |       |       |       |     2 ||     2
       Broad axe         |       |       |       |       |   397 ||   397
Invok: Call Merchant     |       |       |     1 |     1 |     1 ||     3
       Potion Petition   |       |       |     1 |       |     1 ||     2
 Abil: Heal Wounds       |     1 |     3 |    13 |    27 |    34 ||    78
Evoke: Wand              |       |       |       |       |     2 ||     2
  Use: Scroll            |       |       |    14 |     6 |    18 ||    38
       Potion            |       |       |       |     3 |     3 ||     6
 Stab: Distracted        |       |       |     1 |     4 |    14 ||    19
       Petrified         |       |       |       |       |    10 ||    10
       Sleeping          |       |       |       |       |    19 ||    19
       Invisible         |       |       |       |       |     3 ||     3
  Eat: Chunk             |       |     2 |     1 |       |       ||     3
       Ration            |       |       |     5 |     5 |     9 ||    19
Armor: Scale mail        |    53 |    24 |       |       |       ||    77
       Plate armour      |       |    41 |    32 |       |       ||    73
       Chain mail        |       |       |   218 |   456 |   545 ||  1219
Dodge: Dodged            |    55 |    22 |   104 |   171 |   169 ||   521
Block: Kite shield       |    62 |    67 |   269 |   285 |       ||   683
       Tower shield      |       |       |       |   338 |  1314 ||  1652
       Reflection        |       |       |       |       |    26 ||    26
       Rpst.: Scimitar   |       |       |       |     1 |     1 ||     2

Table legend:
 A = Non-vault XP
 B = Vault XP
 C = Vault XP percentage of total XP
 D = Non-vault monster count
 E = Vault monster count
 F = Vault count percentage of total count
                 A         B        C        D         E       F
            +---------+---------+-------+---------+---------+-------
      Total |   90282 |   48523 |  35.0 |     473 |     241 |  33.8
            +---------+---------+-------+---------+---------+-------
        D:1 |       9 |       6 |  40.0 |       6 |       3 |  33.3
        D:2 |      29 |      46 |  61.3 |      12 |       6 |  33.3
        D:3 |      93 |     370 |  79.9 |       9 |       7 |  43.8
        D:4 |     213 |      58 |  21.4 |      16 |       3 |  15.8
        D:5 |      44 |     338 |  88.5 |       5 |      23 |  82.1
        D:6 |     964 |     231 |  19.3 |      22 |       1 |   4.3
        D:7 |     426 |     118 |  21.7 |      14 |       1 |   6.7
        D:8 |    1501 |     964 |  39.1 |      28 |       6 |  17.6
        D:9 |    1223 |       0 |   0.0 |      23 |       0 |   0.0
       D:10 |    5036 |    2268 |  31.1 |      37 |       7 |  15.9
       D:11 |    5040 |    2320 |  31.5 |      30 |      49 |  62.0
       D:12 |    3975 |   11089 |  73.6 |      23 |      20 |  46.5
       D:13 |    3270 |    1884 |  36.6 |      15 |       2 |  11.8
       D:14 |   15424 |    4791 |  23.7 |      41 |      11 |  21.2
       D:15 |    6356 |    5311 |  45.5 |      15 |       7 |  31.8
     Lair:1 |    2251 |     707 |  23.9 |       4 |       4 |  50.0
     Lair:2 |    5428 |    3231 |  37.3 |      29 |       9 |  23.7
     Lair:3 |    2014 |    1397 |  41.0 |      10 |       4 |  28.6
     Lair:4 |    3841 |       0 |   0.0 |      16 |       0 |   0.0
     Lair:5 |    6958 |    1787 |  20.4 |      37 |       3 |   7.5
     Lair:6 |   10151 |   11432 |  53.0 |      32 |      24 |  42.9
   Spider:1 |    1248 |       0 |   0.0 |       5 |       0 |   0.0
   Spider:2 |    8196 |       0 |   0.0 |      24 |       0 |   0.0
   Spider:3 |    6592 |       0 |   0.0 |      20 |       0 |   0.0
      Sewer |       0 |       2 | 100.0 |       0 |       1 | 100.0
    Ossuary |       0 |     173 | 100.0 |       0 |      50 | 100.0
            +---------+---------+-------+---------+---------+-------
